 Dungeon Crawl Stone Soup version 0.26-a0-639-g72c4674329 (webtiles) character file.

Game seed: 1080839117693232356

112 Lanoc the Firebug (level 4, -1/30 HPs)
             Began as a Demonspawn Fire Elementalist on Sept 26, 2020.
             Was a Follower of Uskayaw.
             Slain by a gnoll
             ... wielding a +0 halberd
              (15 damage)
             ... on level 3 of the Dungeon.
             The game lasted 00:02:50 (1801 turns).

Lanoc the Firebug (Demonspawn Fire Elementalist)    Turns: 1801, Time: 00:02:50

Health: -1/30      AC:  4    Str:  8    XL:     4   Next: 63%
Magic:  14/16      EV: 13    Int: 17    God:    Uskayaw [*.....]
Gold:   112        SH:  0    Dex: 14    Spells: 6/7 levels left

rFire    . . .     SeeInvis .   b - +1 mace (drain)
rCold    . . .     Faith    .   (no shield)
rNeg     . . .     Spirit   .   a - +0 robe
rPois    .         Reflect  .   (no helmet)
rElec    .         Harm     .   (no cloak)
rCorr    .         Rampage  .   (no gloves)
MR       .....                  (no boots)
Stlth    ++........             (no amulet)
HPRegen  0.10/turn              m - ring of magical power
MPRegen  0.15/turn              (no ring)

@: no status effects
A: talons 1, sharp scales 2
a: Stomp, Renounce Religion


You were on level 3 of the Dungeon.
You worshipped Uskayaw.
Uskayaw was noncommittal.
You visited 1 branch of the dungeon, and saw 3 of its levels.

You collected 112 gold pieces.

Inventory:

Hand Weapons
 b - a +1 mace of draining (weapon)
Armour
 a - a +0 robe (worn)
Jewellery
 m - a ring of magical power (left hand)
Scrolls
 c - 4 scrolls of remove curse {unknown}
 d - a scroll of immolation {unknown}
 e - a scroll of amnesia {unknown}
 g - 2 scrolls of fear {unknown}
 h - 2 scrolls of identify {unknown}
 o - 2 scrolls of magic mapping {unknown}
 q - a scroll of enchant armour {unknown}
Potions
 f - a potion of magic {unknown}
 i - a potion of heal wounds {unknown}
 j - a potion of stabbing {unknown}
 k - 2 potions of mutation {unknown}
 l - a potion of lignification {unknown}
 n - a potion of might {unknown}
 p - a potion of curing {unknown}


   Skills:
 + Level 2.8 Dodging
 - Level 1.7 Stealth
 - Level 2.0 Spellcasting
 - Level 1.0 Conjurations
 * Level 4.3 Fire Magic
 + Level 0.7 Invocations


You had 6 spell levels left.
You knew the following spells:

 Your Spells              Type           Power        Failure   Level
a - Foxfire               Conj/Fire      ##..         7%          1

Your spell library contained the following spells:

 Spells                   Type           Power        Failure   Level
 Conjure Flame            Conj/Fire      ##......     21%         3
 Inner Flame              Hex/Fire       #.......     24%         3
 Sticky Flame             Conj/Fire      ##......     54%         4
 Fireball                 Conj/Fire      ##........   88%         5


Dungeon Overview and Level Annotations

Branches:
Dungeon (3/15)

Altars:
Ashenzari
Cheibriados
Kikubaaqudgha
Uskayaw


Innate Abilities, Weirdness & Mutations

You have sharp toenails.
You are mostly covered in razor-sharp scales. (AC +2, Slay +2)


Message History

Casting: Foxfire (safe; 7% risk of failure)
Confirm with . or Enter, or press ? or * to list all spells.
You conjure some foxfire!
The foxfire hits the gnoll.
The gnoll is severely wounded.
The foxfire hits the gnoll.
The gnoll is almost dead.
Casting: Foxfire (safe; 7% risk of failure)
Confirm with . or Enter, or press ? or * to list all spells.
You conjure some foxfire!
The gnoll closely misses you. The gnoll barely misses you.
You closely miss the gnoll.
The gnoll is almost dead.
The foxfire hits the gnoll but does no damage.
The gnoll is almost dead.
The foxfire hits the gnoll.
You kill the gnoll!
The gnoll hits you from afar with a +0 halberd!
Ouch! That really hurt!
You die...

#.#######.......###############..
#.# #.......# #.. #.# #.......#
### #.# ######### #'## #######
##### ...# ### #.....# #...# ...#
#<# #.....######...#
...#######.#####.....##.....[.###
.>.')....>...).§@†g..''))...?....
...###....[#####.....##......####
...+......#..).#...[.##......#
...###.##.#.##.#.....##......#
#### #.##...#..###############
#.######...# #.# #...# #.# #...#
###.# ###.###


You could see a gnoll.

Vanquished Creatures
  A worker ant (D:2)
  An adder (D:3)
  2 gnolls (D:3)
  A white imp (D:3)
  10 orcs
  A giant cockroach (D:3)
  4 goblins
  2 hobgoblins
  4 jackals (D:3)
  A quokka (D:3)
  4 bats
  A frilled lizard (D:1)
  4 kobolds
  3 rats
39 creatures vanquished.

Vanquished Creatures (others)
  94 foxfires
94 creatures vanquished.

Grand Total: 133 creatures vanquished

Notes
Turn   | Place    | Note
-------+----------+-------------------------------------------
     0 | D:1      | Lanoc the Demonspawn Fire Elementalist began the quest for
                  | the Orb.
     0 | D:1      | Reached XP level 1. HP: 13/13 MP: 3/3
   195 | D:1      | Reached skill level 3 in Fire Magic
   257 | D:2      | Gained mutation: You are partially covered in razor-sharp
                  | scales. (AC +1, Slay +1) [demonic ancestry]
   257 | D:2      | Reached XP level 2. HP: 19/19 MP: 3/5
   352 | D:2      | Gained mutation: You have sharp toenails. [demonic
                  | ancestry]
   352 | D:2      | Reached XP level 3. HP: 24/24 MP: 0/6
   896 | D:3      | Found a snail-covered altar of Cheibriados.
  1245 | D:3      | Reached skill level 4 in Fire Magic
  1245 | D:3      | Gained mutation: You are mostly covered in razor-sharp
                  | scales. (AC +2, Slay +2) [demonic ancestry]
  1245 | D:3      | Reached XP level 4. HP: 20/30 MP: 7/7
  1480 | D:3      | Found a shattered altar of Ashenzari.
  1483 | D:3      | Found a hide-covered altar of Uskayaw.
  1486 | D:3      | Found an ancient bone altar of Kikubaaqudgha.
  1626 | D:3      | Became a worshipper of Uskayaw the Reveler
  1698 | D:3      | Reached * piety under Uskayaw
  1801 | D:3      | Slain by a gnoll

Illustrated notes

Levels and vault maps discovered:
D:1:      giann_bridges, layout_basic, minmay_cut_off
D:2:      layout_rooms, serial_bayou_pond_e
D:3:      layout_basic, cheibriados_altar_1, grunt_temple_overflow_diamond

Skill      XL: |  1  2  3 |
---------------+----------+-----
Fire Magic     | 3 4 |  4.3
Dodging        | 2 |  2.8
Stealth        | |  1.7
Spellcasting   | |  2.0
Conjurations   | |  1.0
Invocations    | |  0.7

Action                   |  1- 3 |  4- 6 || total
-------------------------+-------+-------++-------
Melee: Unarmed           |     5 |       ||     5
       Mace              |    25 |    13 ||    38
       Kick              |     7 |     1 ||     8
 Cast: Foxfire           |    34 |    24 ||    58
 Stab: Sleeping          |     1 |     1 ||     2
Armor: Robe              |     7 |     9 ||    16
Dodge: Dodged            |    38 |    25 ||    63

Table legend: (Time is in decaauts)
 A = Elapsed time spent in this place.
 B = Non-inter-level travel time spent in this place.
 C = Inter-level travel time spent in this place.
 D = Time resting spent in this place.
 E = Time spent auto-exploring this place.
 F = Levels seen in this place.
 G = Mean time per level.
                   A        B        C        D        E       F      G
               +--------+--------+--------+--------+--------+-----+--------+
         Total |   1817 |   1755 |     62 |    274 |   1187 |   3 |  605.7 |
       Dungeon |   1817 |   1755 |     62 |    274 |   1187 |   3 |  605.7 |
               +--------+--------+--------+--------+--------+-----+--------+

Top non-repeatable levels by time:
     D:3: 1017 daAuts
     D:2: 590 daAuts
     D:1: 209 daAuts
